 Dungeon Crawl Stone Soup version 0.30-a0-743-gbfdf073431 (webtiles) character file.

Game seed: 7748911940528481391

96420 CrazyBamboolord the Destroyer (level 16, -1/123 HPs)
             Began as a Vine Stalker Conjurer on Feb 4, 2023.
             Was an Initiate of Gozag.
             Slain by Agnes
             ... wielding a +0 lajatang
              (16 damage)
             ... on level 2 of the Spider Nest on Feb 5, 2023.
             The game lasted 01:40:25 (28208 turns).

CrazyBamboolord the Destroyer (VSCj)               Turns: 28208, Time: 01:40:25

Health: -1/123     AC: 19    Str: 10    XL:     16   Next: 16%
Magic:  0/42       EV: 16    Int: 27    God:    Gozag
Gold:   598        SH:  5    Dex: 15    Spells: 3/40 levels left

rFire   + + .      SeeInvis +    j - +8 lance "Wyrmbane" {slay drac, rPois rF+ rC+ AC+3}
rCold   + + .      Faith    .    (no shield)
rNeg    . . .      Spirit   +    m - +2 robe {rC+ rF+}
rPois   +          Reflect  +    X - +2 helmet {SInv}
rElec   .          Harm     .    t - +1 cloak
rCorr   .          Rampage  .    H - +1 pair of gloves
Will    +++..                    b - +0 pair of boots Stlth
                                 s - amulet of the Mantidfly {Reflect Drain Will+ Int+3 SH+5 Stlth+}
HPRegen 1.20/turn                D - ring of magical power
MPRegen 0.28/turn                Z - +4 ring of protection

@: berserking, lethally poisoned (-1 -> -4), hasted, very quick
A: fangs 3, regeneration 1, magic shield, antimagic bite, no potion heal 2
a: Renounce Religion, Potion Petition, Call Merchant, Bribe Branch


You were on level 2 of the Spider Nest.
You worshipped Gozag.
Gozag was pleased with you.
You visited 5 branches of the dungeon, and saw 23 of its levels.
You also visited: Ossuary and Volcano.

You collected 6925 gold pieces.
You spent 898 gold pieces at shops.
You paid 5429 gold pieces to Gozag.

Inventory:

Hand Weapons
 j - the +8 lance "Wyrmbane" (weapon) {slay drac, rPois rF+ rC+ AC+3}
   (You acquired it on level 14 of the Dungeon)

   AC:        It affects your AC (+3).
   rF:        It protects you from fire.
   rC:        It protects you from cold.
   rPois:     It protects you from poison.
 x - the +7 spear "Concordance" {protect, rF+ Will+ Int+3}
   (You found it on level 4 of the Dungeon)

   Int:       It affects your intelligence (+3).
   rF:        It protects you from fire.
   Will:      It increases your willpower.
Missiles
 M - 2 throwing nets
Armour
 b - a +0 pair of boots (worn)
 e - a +3 leather armour of poison resistance
 m - a +2 robe of resistance (worn)
 t - a +1 cloak (worn)
 H - a +1 pair of gloves (worn)
 X - a +2 helmet of see invisible (worn)
 Y - the +2 robe "Oseik" {rElec rCorr SInv}
   (You bought it in a shop on level 5 of the Lair of Beasts)

   rElec:     It insulates you from electricity.
   SInv:      It lets you see invisible.
   rCorr:     It protects you from acid and corrosion.
Magical Staves
 W - a staff of conjuration
Jewellery
 n - a ring of wizardry
 s - the amulet of the Mantidfly (around neck) {Reflect Drain Will+ Int+3 SH+5 Stlth+}
   (You acquired it on level 7 of the Dungeon)

   [amulet of reflection]

   It reflects blocked missile attacks.
   Int:       It affects your intelligence (+3).
   Drain:     It drains your maximum health when unequipped.
   SH:        It affects your SH (+5).
   Will:      It increases your willpower.
   Stlth:     It makes you more stealthy.
 D - a ring of magical power (left hand)
 F - a ring of willpower
 Z - a +4 ring of protection (right hand)
Wands
 E - a wand of digging (6)
 K - a wand of flame (29)
 P - a wand of polymorph (4)
 R - a wand of paralysis (18)
 V - a wand of mindburst (10)
Scrolls
 h - 4 scrolls of fog
 i - 6 scrolls of poison
 p - 4 scrolls of amnesia
 r - 2 scrolls of vulnerability
 y - a scroll of magic mapping
 z - a scroll of torment
 C - a scroll of butterflies
 G - a scroll of teleportation
 Q - 2 scrolls of immolation
Potions
 c - 6 potions of attraction
 d - 4 potions of haste
 f - 4 potions of magic
 g - 2 potions of invisibility
 k - 4 potions of brilliance
 l - 3 potions of lignification
 o - 7 potions of curing
 q - 4 potions of might
 u - 6 potions of mutation
 v - 2 potions of resistance {unknown}
 A - 3 potions of cancellation
 B - 4 potions of flight
 S - a potion of ambrosia {unknown}


   Skills:
 * Level 8.4 Fighting
 * Level 11.4 Polearms
 * Level 9.2 Dodging
 - Level 5.0 Stealth
 + Level 4.3 Shields
 * Level 12.7 Spellcasting
 * Level 12.8 Conjurations
 - Level 5.9 Hexes
 - Level 4.1 Summonings
 - Level 7.4 Translocations
 * Level 6.8 Air Magic


You had 3 spell levels left.
You knew the following spells:

 Your Spells              Type           Power      Damage    Failure   Level
a - Magic Dart            Conj           100%       1d8       0%          1
b - Searing Ray           Conj           100%       2d8       1%          2
c - Orb of Destruction    Conj           36%        9d11      14%         7
d - Fulminant Prism       Conj/Hex       30%        3d16      1%          4
e - Iskenderun's Mystic   Conj/Tloc      64%        2d13      1%          4
g - Lightning Bolt        Conj/Air       31%        1d48      1%          5
h - Arcjolt               Conj/Air       31%        1d41      1%          5
i - Summon Lightning Spi  Summ/Air       46%        N/A       3%          4
j - Iskenderun's Battles  Conj           72%        2d12      1%          5

Your spell library contained the following spells:

 Spells                   Type           Power      Damage    Failure   Level
 Summon Small Mammal      Summ           100%       N/A       1%          1
 Call Imp                 Summ           39%        N/A       1%          2
 Static Discharge         Conj/Air       100%       2-7/arc   1%          2
 Call Canine Familiar     Summ           39%        N/A       1%          3
 Dazzling Flash           Conj/Hex       100%       N/A       1%          3
 Mephitic Cloud           Conj/Pois/Air  51%        N/A       1%          3
 Summon Guardian Golem    Hex/Summ       44%        N/A       1%          3
 Vhi's Electric Charge    Tloc/Air       100%       N/A       1%          3
 Frozen Ramparts          Ice            34%        1d6       10%         3
 Airstrike                Air            26%        2d(4-20)  1%          4
 Fireball                 Conj/Fire      25%        3d11      6%          5
 Conjure Ball Lightning   Conj/Air       31%        3x3d10    9%          6
 Anguish                  Hex/Necr       16%        N/A       10%         4
 Summon Ice Beast         Ice/Summ       28%        N/A       14%         4
 Ice Form                 Ice/Tmut       17%        N/A       32%         4
 Enfeeble                 Hex            24%        N/A       94%         7
 Malign Gateway           Summ/Tloc      24%        N/A       95%         7
 Summon Horrible Things   Summ           19%        N/A       100%        8


Dungeon Overview and Level Annotations

Branches:
Dungeon (14/15)            Temple (1/1) D:5            Lair (5/5) D:8
 Shoals (0/4) Lair:2       Spider (2/4) Lair:3        Slime (0/5) Lair:5
    Orc (1/2) D:11         Vaults (0/5) D:14        Ossuary (visited)
Volcano (visited)

Altars:
Ashenzari
Cheibriados
Dithmenos
Elyvilon
Fedhas
Gozag
Hepliaklqana
Kikubaaqudgha
Makhleb
Nemelex Xobeh
Okawaru
Qazlal
Ru
Sif Muna
Trog
Uskayaw
Vehumet
Wu Jian
Xom
Yredelemnul
Zin
The Shining One
Jiyva

Shops:
D:7 =(   Orc:1 (   Lair:5 [

Annotations:
Lair:5 1 runed translucent door, Anor's ghost, journeyman GrEE
Spider:2 Agnes


Innate Abilities, Weirdness & Mutations

You have razor-sharp teeth.
Your natural rate of healing is unusually fast.
When hurt, damage is shared between your health and your magic reserves.
Your bite disrupts and absorbs the magic of your enemies.
Potions cannot restore your health.


Message History

Agnes is lightly wounded.
You feel very sick.
You hear a faint skittering sound.
Agnes hits you with a +0 lajatang!! Agnes misses you.
Reach: j) +8 lance "Wyrmbane" {slay drac, rPois rF+ rC+ AC+3}
Press: ? - help, Dir - move target, f - Agnes, p - wolf spider
Aim: Agnes, wielding a +0 lajatang and wearing a +1 robe of willpower (lightly wounded, about 47% to evade the +8 lance "Wyrmbane")
Okay, then.
Unknown command.
Okay, then.
Unknown command.
You feel yourself speed up.
You feel very sick. Agnes hits you but does no damage.
Agnes hits you with a +0 lajatang!
A red film seems to cover your vision as you go berserk!
You feel yourself moving faster!
You feel mighty!
You feel very sick. You block Agnes's attack.
You impale Agnes!! Your bite misses Agnes.
Agnes is moderately wounded.
You feel sick. Agnes hits you with a +0 lajatang!!
* * * LOW HITPOINT WARNING * * *
You puncture Agnes! You bite Agnes, but do no damage.
Agnes is heavily wounded.
You feel sick.
You puncture Agnes!
Agnes is heavily wounded.
You feel sick. Agnes completely misses you.
You barely miss Agnes. Your bite misses Agnes.
Agnes is heavily wounded.
You feel sick.
You barely miss Agnes. Your bite misses Agnes.
Agnes is heavily wounded.
You feel sick. Agnes hits you with a +0 lajatang!
* * * LOW HITPOINT WARNING * * *
You miss Agnes. Your bite misses Agnes.
Agnes is heavily wounded.
Agnes hits you with a +0 lajatang!!
You die...
Your body crumbles into a pile of gold.

.. $.... #
.###..# ##.
.. .B...#
.... ...
#...##..###
...(
#......s.?#
..(..#.s$#
...(...ss#
...####i##
#.@.#
###.###
#....##
#.....#..#
##...##..##
##.# ##..#
## #...##
#...^#
##..##


You could see Agnes, a wolf spider and 2 orb spiders.

Vanquished Creatures
  Jorgrun (D:12)
  3 emperor scorpions (Spider:1)
  2 ghost moths (Spider:1)
  Azrael (D:14)
  2 fire dragons
  Fannar (D:12)
  A rakshasa (D:13)
  2 hydras
  A jorogumo (Lair:3)
  5 boulder beetles
  A death knight (D:13)
  6 centaur warriors
  2 dancing weapons (D:14)
  2 two-headed ogres
  A tengu warrior (D:14)
  Urug (D:11)
  5 sun demons (Volcano)
  Lodul (D:10)
  A pharaoh ant (Spider:1)
  Amaemon (D:10)
  2 orb spiders
  3 deep elf pyromancers
  An orc knight (Orc:1)
  3 wolf spiders
  2 steelbarb worms
  5 cyclopes
  8 ugly things
  2 oklob plants
  A manticore (D:13)
  A black mamba (Lair:3)
  A moth of wrath (Spider:1)
  A merfolk siren (Lair:2)
  31 elephants
  An orange demon (D:10)
  A molten gargoyle (Lair:1)
  2 smoke demons (Volcano)
  A demonic crawler (Spider:1)
  2 torpor snails (Spider:1)
  Psyche (D:11)
  2 gargoyles
  An efreet (D:9)
  A kobold demonologist (D:9)
  19 cane toads
  10 komodo dragons
  An unseen horror (D:12)
  2 freezing wraiths (D:13)
  A tengu conjurer (D:14)
  7 trolls
  A polar bear (Lair:1)
  6 tyrant leeches
  A wolf spider simulacrum (D:14)
  A hornet (D:8)
  5 tarantellas (Spider:1)
  22 blink frogs
  3 slime creatures (D:12)
  Sigmund (D:2)
  2 shadows
  13 jumping spiders
  2 wyverns
  A wraith (D:13)
  6 culicivoras (Spider:1)
  5 fire elementals
  26 yaks
  A golden eye (shapeshifter) (D:14)
  5 basilisks
  6 fire bats (Lair:1)
  16 vampire mosquitoes
  11 redbacks
  6 steam dragons (Volcano)
  A warg (Orc:1)
  18 water moccasins
  4 hell hounds
  3 orc warriors
  4 ice beasts
  2 black bears
  2 sky beasts (D:7)
  A boggart (D:9)
  15 wolves
  6 centaurs
  11 ogres
  6 kobold brigands
  2 phantoms
  A gnoll sergeant (D:9)
  19 bullfrogs
  4 necrophages
  12 scorpions (Ossuary)
  4 wights (D:7)
  11 killer bees
  3 howler monkeys (D:10)
  6 electric eels
  2 jellies (D:6)
  A centaur zombie (Ossuary)
  2 human zombies (Ossuary)
  2 lava snakes (D:14)
  Crazy Yiuf (D:4)
  2 gnoll boudas
  A hound (D:6)
  9 orc priests
  4 iguanas
  Natasha (thrice) (D:4)
  14 orc wizards
  A scorpion zombie (Ossuary)
  6 hell rats
  3 mummies (Ossuary)
  9 gnolls
  4 adders
  2 white imps
  2 worms
  40 orcs
  8 ball pythons
  7 endoplasms
  4 giant cockroaches
  3 gnoll zombies (Ossuary)
  7 goblins
  A hobgoblin (D:2)
  3 jackals (D:5)
  32 kobolds
  A quokka (D:4)
  3 bats
  2 frilled lizards
  2 goblin zombies (Ossuary)
  2 hobgoblin zombies (Ossuary)
  4 kobold zombies (Ossuary)
  3 orc zombies (Ossuary)
  2 quokka zombies (D:7)
  5 rats
625 creatures vanquished.

Vanquished Creatures (collateral kills)
  A boulder beetle (D:13)
  A two-headed ogre (D:13)
  A manticore (D:13)
3 creatures vanquished.

Vanquished Creatures (others)
  A radroach (Spider:1)
  45 fulminant prisms
  27 fungi
  175 plants
248 creatures vanquished.

Grand Total: 876 creatures vanquished

Notes
Turn   | Place    | Note
-------+----------+-------------------------------------------
     0 | D:1      | CrazyBamboolord the Vine Stalker Conjurer began the quest
                  | for the Orb.
     0 | D:1      | Reached XP level 1. HP: 9/9 MP: 4/4
   183 | D:1      | Reached XP level 2. HP: 14/14 MP: 4/6
   212 | D:1      | Found a faded altar of an unknown god.
  1054 | D:1      | Learned a level 2 spell: Searing Ray
  1084 | D:2      | Reached XP level 3. HP: 17/17 MP: 5/7
  1263 | D:2      | Noticed Sigmund
  1272 | D:2      | Killed Sigmund
  1273 | D:2      | Reached skill level 1 in Fighting
  1273 | D:2      | Reached skill level 5 in Conjurations
  1273 | D:2      | Gained mutation: Your natural rate of healing is unusually
                  | fast. [Vine Stalker growth]
  1273 | D:2      | Reached XP level 4. HP: 11/22 MP: 0/10
  1273 | D:2      | Reached XP level 5. HP: 12/25 MP: 0/11
  1924 | D:2      | Learned a level 3 spell: Dazzling Flash
  1971 | D:3      | Reached XP level 6. HP: 30/30 MP: 5/12
  2807 | D:3      | Learned a level 4 spell: Fulminant Prism
  2913 | D:4      | Found a shimmering blue altar of Sif Muna.
  2913 | D:4      | Found a basalt altar of Yredelemnul.
  2913 | D:4      | Found a snail-covered altar of Cheibriados.
  2918 | D:4      | Noticed an ice beast
  2925 | D:4      | Killed an ice beast
  2926 | D:4      | Reached skill level 1 in Hexes
  3002 | D:4      | Found a runed translucent door.
  3003 | D:4      | Noticed Crazy Yiuf
  3047 | D:4      | Killed Crazy Yiuf
  3048 | D:4      | Reached XP level 7. HP: 29/33 MP: 4/14
  3203 | D:4      | Identified the +7 spear "Concordance" {protect, rF+ Will+
                  | Int+3}
  3358 | D:4      | Noticed Natasha
  3360 | D:4      | Killed Natasha
  3403 | D:4      | Found an opulent altar of Gozag.
  3435 | D:4      | Noticed Natasha
  3441 | D:4      | Killed Natasha
  3558 | D:4      | Noticed Natasha
  3563 | D:4      | Killed Natasha
  3815 | D:5      | Entered Level 5 of the Dungeon
  3926 | D:5      | Reached skill level 5 in Spellcasting
  4015 | D:5      | Reached skill level 1 in Polearms
  4202 | D:5      | Gained mutation: You have razor-sharp teeth. [Vine Stalker
                  | growth]
  4202 | D:5      | Reached XP level 8. HP: 39/39 MP: 4/17
  4525 | D:5      | Found a staircase to the Ecumenical Temple.
  4536 | Temple   | Entered the Ecumenical Temple
  4854 | D:4      | Became a worshipper of Gozag Ym Sagoz the Greedy
  6521 | D:6      | Learned a level 4 spell: Iskenderun's Mystic Blast
  6557 | D:7      | Identified a scroll of acquirement
  6557 | D:7      | Acquired the amulet of the Mantidfly {Reflect Drain Will+
                  | Int+3 SH+5 Stlth+}
  6580 | D:7      | Reached XP level 9. HP: 43/43 MP: 9/19
  6669 | D:7      | Found a sand-covered staircase.
  6683 | Ossuary  | Entered an ossuary
  6725 | Ossuary  | Learned a level 3 spell: Mephitic Cloud
  6972 | Ossuary  | Reached skill level 1 in Translocations
  7742 | D:7      | Found Lutagrac's Jewellery Shoppe.
  7771 | D:7      | Reached XP level 10. HP: 41/49 MP: 4/22
  7994 | D:7      | Bought a ring of magical power for 240 gold pieces
  8118 | D:7      | Identified the +8 dagger "Fowuoff" {heavy, Fragile rN+++
                  | Str+3 Dex-4}
  8179 | D:7      | Found Fynyruoke's Weapon Shop.
  8678 | D:8      | Reached skill level 1 in Shields
  8928 | D:8      | Found a staircase to the Lair.
  8944 | D:8      | Reached skill level 5 in Polearms
  9255 | D:8      | Found an ornate altar of the Wu Jian Council.
  9849 | D:9      | Reached XP level 11. HP: 43/51 MP: 22/24
 10022 | D:9      | Noticed a cyclops
 10039 | D:9      | Killed a cyclops
 10044 | D:9      | Noticed a deep elf pyromancer
 10095 | D:9      | Noticed a cyclops
 10109 | D:9      | Killed a deep elf pyromancer
 10116 | D:9      | Noticed a cyan ugly thing
 10119 | D:9      | Killed a cyclops
 10130 | D:9      | Killed a cyan ugly thing
 10260 | D:9      | Noticed a centaur warrior
 10271 | D:9      | Killed a centaur warrior
 10423 | D:9      | Found a shadowy altar of Dithmenos.
 10423 | D:9      | Found a burning altar of Makhleb.
 10432 | D:9      | Reached skill level 5 in Hexes
 10451 | D:9      | Found a shimmering altar of Xom.
 10552 | D:9      | Found a white marble altar of Elyvilon.
 10601 | D:10     | Entered Level 10 of the Dungeon
 10710 | D:10     | Reached skill level 5 in Dodging
 10766 | D:10     | Noticed Lodul
 10958 | D:10     | Killed Lodul
 11186 | D:10     | Noticed a brown ugly thing
 11192 | D:10     | Noticed Amaemon
 11202 | D:10     | Killed a brown ugly thing
 11208 | D:10     | Killed Amaemon
 11826 | Lair:1   | Entered Level 1 of the Lair of Beasts
 11845 | Lair:1   | Reached XP level 12. HP: 33/58 MP: 19/26
 12597 | Lair:1   | Reached skill level 10 in Conjurations
 13012 | Lair:1   | Reached skill level 5 in Fighting
 13028 | Lair:1   | Noticed a fire dragon
 13177 | Lair:1   | Killed a fire dragon
 13359 | Lair:1   | Learned a level 5 spell: Lightning Bolt
 13687 | Lair:2   | Reached skill level 5 in Translocations
 13687 | Lair:2   | Reached skill level 1 in Air Magic
 13697 | Lair:2   | Reached skill level 10 in Spellcasting
 13831 | Lair:2   | Reached XP level 13. HP: 64/64 MP: 11/28
 13897 | Lair:2   | Found a dark tunnel.
 14035 | Volcano  | Entered a volcano
 14389 | Volcano  | Noticed a fire dragon
 14438 | Volcano  | Killed a fire dragon
 14439 | Volcano  | Reached skill level 5 in Stealth
 15754 | Lair:2   | Found a staircase to the Shoals.
 16255 | Lair:3   | Found a hole to the Spider Nest.
 17127 | Lair:4   | Reached XP level 14. HP: 61/70 MP: 20/29
 17522 | Lair:4   | Identified the +11 shortbow of Infinite Pain {speed, Fly
                  | rC- Will++ Int+2}
 18187 | Lair:5   | Entered Level 5 of the Lair of Beasts
 19117 | Lair:5   | Identified the +4 trident of Quick Death {heavy, rC+ Dex+9
                  | Stlth-}
 19118 | Lair:5   | Found a runed translucent door.
 19137 | Lair:5   | Noticed Anor's ghost (journeyman GrEE)
 19164 | Lair:5   | Learned a level 5 spell: Arcjolt
 19343 | Lair:5   | Reached skill level 10 in Polearms
 19343 | Lair:5   | Reached skill level 5 in Air Magic
 19655 | Lair:5   | Found a viscous altar of Jiyva.
 19655 | Lair:5   | Found a staircase to the Slime Pits.
 20214 | Lair:5   | Bought a runed helmet for 292 gold pieces
 20214 | Lair:5   | Bought a colourful robe for 222 gold pieces
 20214 | Lair:5   | Identified the +2 robe "Oseik" {rElec rCorr SInv} (You
                  | bought it in a shop on level 5 of the Lair of Beasts)
 20225 | Lair:5   | Bought an embroidered robe for 144 gold pieces
 21076 | D:11     | Found a staircase to the Orcish Mines.
 21093 | D:11     | Noticed Urug
 21101 | D:11     | Killed Urug
 21492 | D:11     | Noticed Psyche
 21494 | D:11     | Killed Psyche
 21592 | D:11     | Learned a level 4 spell: Summon Lightning Spire
 21650 | Orc:1    | Entered Level 1 of the Orcish Mines
 21757 | Orc:1    | Found Uppemow's Antique Weapon Shop.
 22142 | Orc:1    | Noticed a stone giant
 22153 | Orc:1    | Noticed a stone giant
 22538 | D:12     | You fall into a shaft and drop 1 floor!
 22587 | D:13     | Reached XP level 15. HP: 65/75 MP: 31/31
 22881 | D:13     | Reached skill level 1 in Summonings
 23348 | D:12     | Learned a level 5 spell: Iskenderun's Battlesphere
 23358 | D:12     | Learned a level 7 spell: Orb of Destruction
 23376 | D:12     | Noticed Fannar
 23386 | D:12     | Killed Fannar
 23388 | D:12     | Noticed Jorgrun
 23400 | D:12     | Killed Jorgrun
 24569 | D:14     | Acquired the +8 lance "Wyrmbane" {slay drac, rPois rF+ rC+
                  | AC+3}
 24569 | D:14     | Found the +8 lance "Wyrmbane" {slay drac, rPois rF+ rC+
                  | AC+3}
 25075 | D:14     | Found a gate to the Vaults.
 25124 | D:14     | Noticed Azrael
 25246 | D:14     | Killed Azrael
 25529 | D:14     | Found a glowing golden altar of the Shining One.
 25813 | Spider:1 | Entered Level 1 of the Spider Nest
 26634 | Spider:1 | Noticed a ghost moth
 26637 | Spider:1 | Killed a ghost moth
 27094 | Lair:3   | Upgraded the game from 0.30-a0-739-gea05faddec to
                  | 0.30-a0-743-gbfdf073431
 27402 | Spider:1 | Noticed an emperor scorpion
 27446 | Spider:1 | Killed an emperor scorpion
 27447 | Spider:1 | Reached XP level 16. HP: 53/79 MP: 33/33
 28196 | Spider:2 | Noticed Agnes
 28208 | Spider:2 | Slain by Agnes

Illustrated notes

Levels and vault maps discovered:
D:1:      dpeg_arrival_lava_altar, layout_basic,
          hellmonk_ecumenical_altar_heavens_door
D:2:      layout_basic, uniq_sigmund
D:3:      layout_loops_ring
D:4:      layout_loops_cross, chequers_temple_overflow_statue_of_worship,
          uniq_crazy_yiuf_cottage, uniq_natasha
D:5:      layout_basic, minmay_temple_entry_fiery, grunt_decor_one_mirror
D:6:      layout_cave_pods, kennysheep_cross_bottleneck
D:7:      layout_loops_ring, serial_shops, shop_statue, nicolae_shop_trees,
          enter_ossuary_4
D:8:      layout_cave_pools, david_lair_shrubbed, serial_park,
          serial_park_tiny_pond, serial_park_gazebo
          [serial_park_minivault_5x5_1], serial_park_tiny_1
D:9:      layout_rooms, nicolae_overflow_hidden_temple,
          grunt_temple_overflow_diamond, minmay_evil_grid
D:10:     layout_basic, st_stairs_4, uniq_amaemon, uniq_lodul
D:11:     layout_basic, orc_0_dummy, uniq_psyche, uniq_urug
D:12:     layout_cave_pools, uniq_fannar, uniq_jorgrun
D:13:     layout_basic
D:14:     layout_basic, erik_vaults_1, tso_altar, kennysheep_generic_room_3,
          uniq_azrael
Temple:   dpeg_chambers_temple
Lair:1:   dragon1_lemuel, layout_hall_layers, serial_bayou,
          serial_bayou_shore_b, serial_bayou_pond_a, serial_bayou_lake_a,
          serial_bayou_lagoon_a
Lair:2:   layout_regular_city, minmay_shoals_entry_lonely_mermaid,
          enter_volcano_3, serial_bayou_pond_a, serial_bayou_crossing
Lair:3:   layout_regular_city, spider_nest_entry_rubble, serial_forest,
          infiniplex_forest_straight_2, infiniplex_forest_end_3,
          infiniplex_forest_end_1, infiniplex_forest_end_2,
          infiniplex_forest_clump_curved, infiniplex_forest_straight_2,
          beast_lair_carwin_2
Lair:4:   layout_regular_city, minmay_lair_oklob_items,
          infiniplex_staircase_pool_2
Lair:5:   minmay_lair_end_frog_pond, layout_regular_city, slime_entry_1,
          ebering_ghost_funeral_grove
Spider:1: layout_spider_delve
Spider:2: layout_spider_delve, hangedman_stitches_earthworm, uniq_agnes
Orc:1:    nicolae_orc_accident_1, layout_caves, serial_shops,
          nicolae_shop_hallway_plus, hellmonk_guarded_unrand_dark_maul

Skill      XL: |  1  2  3  4  5  6  7  8  9 10 11 12 13 14 15 16 |
---------------+-------------------------------------------------+-----
Fighting       | 1 2 3 4 5 6 7 8 |  8.4
Spellcasting   | 3 4 5 6 7 8 9 10 11 12 | 12.7
Conjurations   | 5 6 7 8 9 10 11 12 | 12.8
Dodging        | 2 3 4 5 6 7 8 9 |  9.2
Hexes          | 1 2 3 4 5 |  5.9
Polearms       | 1 2 4 5 7 8 9 10 11 | 11.4
Stealth        | 3 4 5 |  5.0
Translocations | 1 3 4 5 6 7 |  7.4
Shields        | 1 2 3 4 |  4.3
Air Magic      | 2 3 5 6 |  6.8
Summonings     | 3 4 |  4.1

Action                     |  1- 3 |  4- 6 |  7- 9 | 10-12 | 13-15 | 16-18 || total
---------------------------+-------+-------+-------+-------+-------+-------++-------
  Melee: Unarmed           |       |     6 |       |       |       |       ||     6
         Bite              |       |     3 |    17 |   111 |   428 |    19 ||   578
         Spear             |       |       |    65 |   401 |   999 |       ||  1465
         Punch             |       |       |     1 |     3 |    19 |     2 ||    25
         Lance             |       |       |       |       |   243 |    75 ||   318
   Cast: Magic Dart        |    44 |    46 |   130 |    82 |    25 |     2 ||   329
         Searing Ray       |     2 |     9 |    50 |    60 |     5 |       ||   126
         Fulminant Prism   |       |       |     1 |    14 |    30 |       ||    45
         Mephitic Cloud    |       |       |       |     1 |     1 |       ||     2
         Iskenderun's Myst |       |       |       |    48 |   175 |     2 ||   225
         Lightning Bolt    |       |       |       |       |    79 |    14 ||    93
         Arcjolt           |       |       |       |       |    16 |       ||    16
         Summon Lightning  |       |       |       |       |     6 |     1 ||     7
         Dazzling Flash    |       |       |       |       |     1 |       ||     1
         Iskenderun's Batt |       |       |       |       |     5 |     1 ||     6
 Invoke: Potion Petition   |       |       |       |     5 |     7 |       ||    12
         Call Merchant     |       |       |       |       |     1 |       ||     1
  Evoke: Wand              |       |       |       |       |     5 |       ||     5
    Use: Scroll            |       |     2 |    13 |     7 |    20 |     1 ||    43
         Potion            |       |     1 |       |     5 |     1 |     2 ||     9
   Stab: Sleeping          |       |       |     2 |     3 |    16 |       ||    21
         Distracted        |       |       |       |     1 |    11 |     1 ||    13
         Invisible         |       |       |       |     2 |     8 |       ||    10
 Armour: Robe              |     1 |     5 |    34 |   153 |   324 |    24 ||   541
         Skin              |       |       |       |    16 |    22 |       ||    38
  Dodge: Dodged            |     2 |    14 |    66 |   272 |   512 |    25 ||   891
  Block: Other             |       |       |     8 |   111 |   184 |     9 ||   312
         Reflection        |       |       |       |    10 |     6 |       ||    16

Table legend: (Time is in decaauts)
 A = Elapsed time spent in this place.
 B = Non-inter-level travel time spent in this place.
 C = Inter-level travel time spent in this place.
 D = Time resting spent in this place.
 E = Time spent auto-exploring this place.
 F = Levels seen in this place.
 G = Mean time per level.
                   A        B        C        D        E       F      G
               +--------+--------+--------+--------+--------+-----+--------+
         Total |  27638 |  26227 |   1411 |   3142 |  17533 |  25 | 1105.5 |
       Dungeon |  15282 |  14236 |   1046 |   1146 |  10616 |  14 | 1091.6 |
        Temple |    257 |    235 |     22 |      0 |    222 |   1 |  257.0 |
          Lair |   8171 |   7837 |    334 |   1046 |   5085 |   5 | 1634.2 |
   Spider Nest |   1707 |   1700 |      7 |     52 |   1226 |   2 |  853.5 |
  Orcish Mines |    520 |    520 |      0 |    135 |    262 |   1 |  520.0 |
       Ossuary |    975 |    975 |      0 |    438 |    104 |   1 |  975.0 |
       Volcano |    723 |    723 |      0 |    325 |     17 |   1 |  723.0 |
               +--------+--------+--------+--------+--------+-----+--------+

Top non-repeatable levels by time:
  Lair:1: 1888 daAuts
  Lair:3: 1770 daAuts
  Lair:5: 1760 daAuts
Spider:1: 1603 daAuts
  Lair:2: 1494 daAuts
    D:11: 1319 daAuts
    D:14: 1308 daAuts
     D:6: 1303 daAuts
     D:9: 1289 daAuts
  Lair:4: 1257 daAuts
    D:10: 1154 daAuts
    D:13: 1141 daAuts
     D:7: 1126 daAuts
     D:5: 1109 daAuts
     D:1: 1076 daAuts
